 Dungeon Crawl Stone Soup version 0.31.0-11-ge490571c62 (webtiles) character file.

Game seed: 16146928294185831479

141 jasper the Cudgeller (level 5, 0/42 HPs)
             Began as an Armataur Fighter on Feb 5, 2024.
             Slain by a water moccasin (6 damage)
             ... on level 4 of the Dungeon.
             The game lasted 00:04:18 (2293 turns).

jasper the Cudgeller (Armataur Fighter)             Turns: 2293, Time: 00:04:19

Health: 0/42       AC:  9    Str: 23    XL:     5   Next: 3%
Magic:  5/5        EV:  7    Int:  8    God:
Gold:   169        SH:  5    Dex: 10    Spells: 4/4 levels left

rFire   + . .        a - +1 flail
rCold   . . .        c - +1 buckler
rNeg    . . .        k - +0 scale mail {rF+}
rPois   .            e - +0 helmet
rElec   .            q - +0 cloak
rCorr   .            (no gloves)
SInv    .            (no barding)
Will    .....        (no amulet) Stlth
                     (no ring)
HPRegen 0.27/turn    (no ring)
MPRegen 0.09/turn

%: roll
@: brilliant, lethally poisoned (0 -> -11)
A: large, deformed body, tough skin 3, armoured tail, roll 1
a: no special abilities


You were on level 4 of the Dungeon.
You visited 1 branch of the dungeon, and saw 5 of its levels.

You collected 169 gold pieces.

Inventory:

Hand Weapons
 a - a +1 flail (weapon)
 r - a +0 sling of freezing
Missiles
 h - 26 stones (quivered)
Armour
 b - a +0 scale mail
 c - a +1 buckler (worn)
 e - a +0 helmet (worn)
 f - a +0 chain mail
 k - a +0 scale mail of fire resistance (worn)
 q - a +0 cloak (worn)
Jewellery
 g - a ring of ice
Scrolls
 n - a scroll of teleportation
Potions
 i - a potion of haste
 j - a potion of attraction


   Skills:
 - Level 2.6 Fighting
 + Level 4.4 Maces & Flails
 - Level 3.6 Armour
 - Level 4.0 Shields


You had 4 spell levels left.
You didn't know any spells.
Your spell library contained the following spells:

 Spells                   Type           Power      Damage    Failure   Level
 Cigotuvi's Dreadful Rot  Necr/Alch/Air  0%         N/A       89%         2
 Call Canine Familiar     Summ           0%         N/A       98%         3
 Inner Flame              Hex/Fire       0%         N/A       98%         3
 Sigil of Binding         Hex            0%         N/A       98%         3
 Dimensional Bullseye     Hex/Tloc       0%         N/A       100%        4
 Dispel Undead            Necr           0%         3d6       100%        4
 Martyr's Knell           Necr/Summ      0%         N/A       100%        4
 Irradiate                Conj/Alch      0%         3d11      100%        5
 Death Channel            Necr           0%         N/A       100%        6
 Ignition                 Fire           0%         3d3       100%        8


Dungeon Overview and Level Annotations

Branches:
Dungeon (5/15)             Temple (0/1) D:5

Altars:
Ru
Yredelemnul
Zin
The Shining One

Annotations:
D:3 Sigmund


Innate Abilities, Weirdness & Mutations

Armour fits poorly on your strangely shaped body.
You have extremely tough skin. (AC +3)
You have a long armoured tail.
You regenerate magic when rolling toward enemies. (Rampage MPRegen)


Message History

The water moccasin bites you.
The water moccasin completely misses you.
You barely miss the water moccasin.
The water moccasin is moderately wounded.
You block the water moccasin's attack. x2
You hit the water moccasin.
The water moccasin is severely wounded.
The water moccasin bites you but does no damage.
You miss the water moccasin.
The water moccasin is severely wounded.
The water moccasin bites you.
You are poisoned.
The water moccasin poisons you! The water moccasin bites you.
You miss the water moccasin.
The water moccasin is severely wounded.
You feel very sick.
The water moccasin bites you but does no damage.
The water moccasin bites you.
You barely miss the water moccasin.
The water moccasin is severely wounded.
You feel very sick.
The water moccasin bites you but does no damage.
You barely miss the water moccasin.
The water moccasin is severely wounded.
You feel sick. You block the water moccasin's attack.
The water moccasin bites you.
You are lethally poisoned!
The water moccasin poisons you!
You miss the water moccasin.
Your tail-slap misses the water moccasin.
The water moccasin is severely wounded.
* * * LOW HITPOINT WARNING * * *
You feel very sick. You block the water moccasin's attack.
The water moccasin closely misses you.
It was a potion of brilliance.
You feel clever all of a sudden.
* * * LOW HITPOINT WARNING * * *
You feel very sick. The water moccasin bites you.
You die...

####### ##..........####
#.....#####...###.....#
......#.............#
#.....#
#.....#.....[....†.##
#.....#
##.....#............#
#######
#......#............#
#......#...............
#......#.........###....
#......###(....S@.#
.....
...........##.....#
[....
..#...#.########..#
.#### #.. #.# #<....
#.......# ######
#...#...# ###S#...# .
....# .. ....#


You could see a water moccasin.

Vanquished Creatures
  Terence (D:3)
  Robin (D:3)
  2 adders
  A shadow imp (D:5)
  A ribbon worm (D:2)
  2 dart slugs (D:1)
  4 bats
  4 endoplasms
  3 giant cockroaches
  12 goblins
  10 hobgoblins
  2 jackals (D:4)
  2 quokkas
  5 ball pythons
  4 frilled lizards
  6 kobolds (D:1)
  9 rats
69 creatures vanquished.

Notes
Turn   | Place    | Note
-------+----------+-------------------------------------------
     0 | D:1      | jasper the Armataur Fighter began the quest for the Orb.
     0 | D:1      | Reached XP level 1. HP: 18/18 MP: 1/1
   106 | D:1      | Reached XP level 2. HP: 25/25 MP: 2/2
   457 | D:1      | Reached XP level 3. HP: 26/30 MP: 3/3
  1444 | D:3      | Noticed Terence
  1449 | D:3      | Killed Terence
  1450 | D:3      | Reached XP level 4. HP: 32/37 MP: 4/4
  1830 | D:3      | Noticed Robin
  1849 | D:3      | Killed Robin
  1952 | D:3      | Noticed Sigmund
  2019 | D:4      | Noticed an ogre
  2038 | D:5      | Entered Level 5 of the Dungeon
  2054 | D:5      | Found a glowing golden altar of the Shining One.
  2054 | D:5      | Found a sacrificial altar of Ru.
  2054 | D:5      | Found a glowing silver altar of Zin.
  2074 | D:5      | Found a staircase to the Ecumenical Temple.
  2091 | D:4      | Reached XP level 5. HP: 14/42 MP: 5/5
  2199 | D:4      | Found a basalt altar of Yredelemnul.
  2271 | D:4      | Noticed a water moccasin
  2293 | D:4      | Slain by a water moccasin

Illustrated notes

Levels and vault maps discovered:
D:1:      dpeg_arrival_yet_another_circle, layout_basic, minmay_pentomino_v2
D:2:      cheibrodos_old_hovel, layout_basic
D:3:      layout_basic, uniq_robin, uniq_terence, uniq_sigmund
D:4:      layout_basic, amcnicky_altar_gilded, old_standard_altar,
          minmay_box_of_dots, uniq_menkaure
D:5:      layout_basic, chequers_temple_overflow_statue_of_worship,
          minmay_temple_entry_waves, serial_shops, shop

Skill      XL: |  1  2  3  4 |
---------------+-------------+-----
Shields        | 4 |  4.0
Maces & Flails | 2 3 4 |  4.4
Fighting       | |  2.6
Armour         | |  3.6

Action                     |  1- 3 |  4- 6 || total
---------------------------+-------+-------++-------
  Melee: Flail             |   106 |    94 ||   200
         Tailslap          |     7 |     5 ||    12
   Fire: Sling             |     2 |       ||     2
  Throw: Throwing net      |       |     1 ||     1
    Use: Scroll            |     3 |     7 ||    10
         Potion            |     1 |     3 ||     4
 Armour: Scale mail        |    41 |    88 ||   129
         Chain mail        |    31 |       ||    31
  Dodge: Dodged            |    30 |    31 ||    61
  Block: Buckler           |    22 |    22 ||    44
